 Dungeon Crawl Stone Soup version 0.29-a0-914-g906f1d757c (webtiles) character file.

Game seed: 10282021053420413186

110 funkygono the Firebug (level 4, 0/24 HPs)
             Began as a Gargoyle Fire Elementalist on July 26, 2022.
             Slain by an ogre
             ... wielding a +0 giant club
              (24 damage)
             ... on level 4 of the Dungeon.
             The game lasted 00:04:35 (3196 turns).

funkygono the Firebug (Gargoyle Fire Elementalist)  Turns: 3196, Time: 00:04:36

Health: 0/24       AC:  8    Str: 11    XL:     4   Next: 91%
Magic:  0/8        EV: 12    Int: 18    God:
Gold:   174        SH:  0    Dex: 10    Spells: 3/9 levels left

rFire   + . .      SeeInvis .   d - +0 whip
rCold   + . .      Faith    .   (no shield)
rNeg    + . .      Spirit   .   j - +2 robe {rC+ rF+}
rPois   ∞          Reflect  .   (no helmet)
rElec   +          Harm     .   (no cloak)
rCorr   .          Rampage  .   (no gloves)
Will    .....                   n - +0 pair of boots
Stlth   ++........              (no amulet)
HPRegen 0.08/turn               (no ring)
MPRegen 0.11/turn               (no ring)

@: very slightly contaminated
A: sickness immunity, AC +3, negative energy resistance 1, electricity
resistance, torment resistance 1, petrification resistance
a: no special abilities


You were on level 4 of the Dungeon.
You visited 1 branch of the dungeon, and saw 4 of its levels.

You collected 174 gold pieces.

Inventory:

Hand Weapons
 d - a +0 whip (weapon)
Armour
 a - a +0 robe
 h - a +0 leather armour
 j - a +2 robe of resistance (worn)
 n - a +0 pair of boots (worn)
Scrolls
 g - 2 scrolls of butterflies
Potions
 b - a potion of magic
 e - 4 potions of lignification
 f - 2 potions of heal wounds
 m - a potion of attraction


   Skills:
 + Level 0.1 Fighting
 + Level 0.3 Maces & Flails
 + Level 1.8 Dodging
 - Level 2.1 Stealth
 + Level 3.1 Spellcasting
 + Level 2.6 Conjurations
 + Level 3.8 Fire Magic


You had 3 spell levels left.
You knew the following spells:

 Your Spells              Type           Power      Damage    Failure   Level
a - Foxfire               Conj/Fire      56%        2x1d6     4%          1
b - Scorch                Fire           32%        2d6       4%          2
c - Conjure Flame         Conj/Fire      14%        6-21      13%         3

Your spell library contained the following spells:

 Spells                   Type           Power      Damage    Failure   Level
 Beastly Appendage        Tmut           4%         N/A       16%         1
 Inner Flame              Hex/Fire       9%         N/A       22%         3
 Wereblood                Tmut           2%         N/A       24%         2
 Spider Form              Tmut/Pois      2%         N/A       43%         3
 Flame Wave               Conj/Fire      14%        2d6       38%         4


Dungeon Overview and Level Annotations

Branches:
Dungeon (4/15)
 Temple: D:4-7

Altars:
Kikubaaqudgha
Ru
Zin
The Shining One


Innate Abilities, Weirdness & Mutations

You are immune to sickness and miasma.
Your stone body is resilient. (AC +3)
You are immune to poison.
You resist negative energy. (rN+)
You are resistant to electric shocks. (rElec)
You are resistant to unholy torment.
You are immune to petrification.


Message History

The ogre is moderately wounded.
The foxfire hits the ogre.
The ogre is moderately wounded.
Casting: Foxfire (safe; 4% risk of failure)
Confirm with . or Enter, or press ? or * to list all spells.
You conjure some foxfire!
Unknown command.
Casting: Foxfire (safe; 4% risk of failure)
Confirm with . or Enter, or press ? or * to list all spells.
Flames lash the ogre.
The ogre is moderately wounded.
The ogre's fire resistance burns away.
The foxfire hits the ogre!
The ogre is burned terribly!
The ogre is severely wounded.
The foxfire hits the ogre.
The ogre is burned terribly!
The ogre is severely wounded.
The ogre attacks as you move away! The ogre misses you.
Casting: Scorch (safe; 4% risk of failure)
Confirm with . or Enter, or press ? or * to list all spells.
You conjure some foxfire!
The foxfire hits the ogre.
The ogre is almost dead.
Casting: Foxfire (safe; 4% risk of failure)
Confirm with . or Enter, or press ? or * to list all spells.
You don't have enough magic to cast this spell.
Unknown command.
You barely miss the ogre.
The ogre is almost dead.
The ogre is no longer more vulnerable to fire.
The foxfire hits the ogre.
The ogre is almost dead.
Unknown command.
Casting: Foxfire (safe; 4% risk of failure)
Confirm with . or Enter, or press ? or * to list all spells.
You don't have enough magic to cast this spell.
Unknown command.
You hit the ogre but do no damage.
The ogre is almost dead.
The ogre hits you with a +0 giant club!!
Ouch! That really hurt!
You die...

.........
....... ..)..
... ####
#'##...# #....#
#....# ##O...#
##.@...#
#.######..§...+
#............##
.#...###.#.#.#
#.##.###.#.#.#
#........<#
#####.#†###
........#.#
#########.#


You could see an ogre.

Vanquished Creatures
  An orc wizard (D:3)
  3 adders
  4 dart slugs
  3 orcs (D:3)
  3 ball pythons
  5 endoplasms
  A giant cockroach (D:3)
  3 goblins
  4 hobgoblins
  7 kobolds
  3 quokkas (D:1)
  5 bats
  3 frilled lizards
  4 rats
49 creatures vanquished.

Vanquished Creatures (others)
  147 foxfires
  3 withered plants (D:1)
150 creatures vanquished.

Grand Total: 199 creatures vanquished

Notes
Turn   | Place    | Note
-------+----------+-------------------------------------------
     0 | D:1      | funkygono the Gargoyle Fire Elementalist began the quest
                  | for the Orb.
     0 | D:1      | Reached XP level 1. HP: 10/10 MP: 3/3
   329 | D:1      | Reached XP level 2. HP: 15/15 MP: 3/5
   337 | D:1      | Learned a level 2 spell: Scorch
   600 | D:1      | Found a faded altar of an unknown god.
   792 | D:1      | Reached XP level 3. HP: 19/19 MP: 3/6
   796 | D:1      | Learned a level 3 spell: Conjure Flame
  2129 | D:3      | Found a sacrificial altar of Ru.
  2278 | D:3      | Reached XP level 4. HP: 24/24 MP: 4/8
  2317 | D:3      | Found an ancient bone altar of Kikubaaqudgha.
  2400 | D:3      | Found a glowing golden altar of the Shining One.
  2843 | D:3      | Found a glowing silver altar of Zin.
  3182 | D:4      | Noticed an ogre
  3196 | D:4      | Slain by an ogre

Illustrated notes

Levels and vault maps discovered:
D:1:      minmay_arrival_shattered_statue, layout_loops_cross,
          ebering_ecumenical_altar_petrified
D:2:      layout_basic
D:3:      layout_loops_corners, kiku_gazebo_pond_becter,
          mainiacjoe_overflow_surrounded_room, lemuel_crystal_altar,
          tso_oasis_becter
D:4:      layout_loops_corners, mainiacjoe_overflow_six_doors_small,
          lemuel_coloured_pillars_altar

Skill      XL: |  1  2  3  4 |
---------------+-------------+-----
Conjurations   | 2 |  2.6
Spellcasting   | 3 |  3.1
Fighting       | |  0.1
Maces & Flails | |  0.3
Dodging        | |  1.8
Stealth        | |  2.1
Fire Magic     | |  3.8

Action                   |  1- 3 |  4- 6 || total
-------------------------+-------+-------++-------
Melee: Unarmed           |     1 |       ||     1
       Whip              |    18 |     2 ||    20
 Cast: Foxfire           |    60 |    28 ||    88
       Scorch            |       |     1 ||     1
  Use: Scroll            |       |     7 ||     7
Armor: Robe              |    10 |     2 ||    12
Dodge: Dodged            |    13 |     1 ||    14

Table legend: (Time is in decaauts)
 A = Elapsed time spent in this place.
 B = Non-inter-level travel time spent in this place.
 C = Inter-level travel time spent in this place.
 D = Time resting spent in this place.
 E = Time spent auto-exploring this place.
 F = Levels seen in this place.
 G = Mean time per level.
                   A        B        C        D        E       F      G
               +--------+--------+--------+--------+--------+-----+--------+
         Total |   3196 |   3089 |    107 |    103 |   2565 |   4 |  799.0 |
       Dungeon |   3196 |   3089 |    107 |    103 |   2565 |   4 |  799.0 |
               +--------+--------+--------+--------+--------+-----+--------+

Top non-repeatable levels by time:
     D:3: 1165 daAuts
     D:1: 1092 daAuts
     D:2: 881 daAuts
     D:4: 56 daAuts
